[Event "Titled Tuesday Blitz May 4 2021"]
[White "Garcia Fuentes, Sergio Miguel"]
[Black "Wilson, Elvin"]
[WhiteFideId "7300549"]
[BlackFideId "2014874"]
[WhiteElo "2167"]
[BlackElo "2233"]
[Result "1-0"]
[Round "07"]
[TimeControl "180+1"]
[Date "2021.05.04"]
[WhiteClock "0:00:01"]
[BlackClock "0:00:01"]

1. Nf3 Nf6 2. g3 d5 3. Bg2 e6 4. O-O c5 5. d4 Nc6 6. c4 dxc4 7. Qa4 Bd7 8. dxc5 Bxc5 9. Qxc4 Qe7 10. Nc3 O-O 11. Bg5 h6 12. Bxf6 gxf6 13. Qh4 Kg7 14. Rad1 Rfd8 15. Ne4 Bb6 16. Nd6 Rab8 17. e4 f5 18. exf5 exf5 19. Qf4 Qf6 20. Rd5 Ne7 21. Rd2 Ng6 22. Qb4 Bc6 23. Rfd1 f4 24. Kh1 fxg3 25. fxg3 Bxf3 26. Rf1 Bxg2+ 27. Kxg2 Qe6 28. Rxf7+ Qxf7 29. Nxf7 Rxd2+ 30. Qxd2 Kxf7 31. Qd5+ Kg7 32. h4 Rd8 33. Qxb7+ Kg8 34. h5 Nf8 35. Qe7 Rd5 36. g4 Rg5 37. Kf3 Rg7 38. Qe5 Kf7 39. Qd5+ Ne6 40. b4 Kf6 41. Qf5+ Ke7 42. Ke4 Ng5+ 43. Kd3 Kd8 44. Qf6+ Re7 45. Qxh6 Rd7+ 46. Kc2 Nf7 47. Qg7 Kc7 48. h6 Bd4 49. Qg6 Nh8 50. Qf5 Nf7 51. g5 Nd6 52. Qd5 Nf7 53. Qc4+ Kd8 54. Qe6 Rc7+ 55. Kb3 Re7 56. Qa6 Nxg5 57. Qd3 Nh7 58. Qxd4+ Rd7 59. Qh8+ Kc7 60. Qc3+ Kb7 61. a4 a6 62. b5 Rc7 63. Qf3+ Kb6 64. Qe3+ Kb7 65. Qe6 axb5 66. axb5 Kb8 67. Qa6 Rb7 68. Kb4 Rc7 69. Qd6 Kb7 70. Ka5 Rf7 71. b6 Nf6 72. Qc5 Ne8 73. Qb5 Nd6 74. Qd5+ 1-0


[Site "https://www.chess.com"]

[Event "Titled Tuesday Blitz May 4 2021"]
[White "Garcia, Gabriel Gonzaga"]
[Black "Chabris, Christopher"]
[WhiteFideId "2138956"]
[BlackFideId "2005263"]
[WhiteElo "2240"]
[BlackElo "2275"]
[Result "1-0"]
[Round "07"]
[TimeControl "180+1"]
[Date "2021.05.04"]
[WhiteClock "0:01:47"]
[BlackClock "0:00:19"]

1. e4 c5 2. Nf3 d6 3. d4 cxd4 4. Qxd4 Nc6 5. Bb5 a6 6. Bxc6+ bxc6 7. Bg5 Qc7 8. Nc3 e5 9. Qd3 Be6 10. O-O-O h6 11. Bh4 g5 12. Bg3 Nf6 13. Nd2 Be7 14. Nc4 Rd8 15. h4 g4 16. f4 gxf3 17. gxf3 Rg8 18. Rdg1 Nh5 19. Bf2 Rg6 20. Ne3 a5 21. Nf5 Nf4 22. Qd2 Kf8 23. Be3 d5 24. Nxe7 Qxe7 25. Bxf4 dxe4 26. Bxh6+ Ke8 27. Qe3 exf3 28. Rxg6 fxg6 29. Bg5 1-0


[Site "https://www.chess.com"]

[Event "Titled Tuesday Blitz May 4 2021"]
[White "Gelman, Alexander"]
[Black "Jian, Alex"]
[WhiteFideId "4118316"]
[BlackFideId "30901022"]
[WhiteElo "2375"]
[BlackElo "2084"]
[Result "1-0"]
[Round "07"]
[TimeControl "180+1"]
[Date "2021.05.04"]
[WhiteClock "0:00:37"]
[BlackClock "0:00:07"]

1. d4 Nf6 2. Nc3 d5 3. Bf4 a6 4. e3 e6 5. g4 h6 6. Bg2 c5 7. h4 Nc6 8. g5 hxg5 9. hxg5 Rxh1 10. Bxh1 Nd7 11. Qh5 g6 12. Qh8 cxd4 13. exd4 Qb6 14. O-O-O Na5 15. Bxd5 Kd8 16. Nf3 Nc6 17. Bb3 Na5 18. Ne5 Nxb3+ 19. axb3 Ke7 20. d5 Qxf2 21. Bh2 Qe3+ 22. Kb1 Nxe5 23. Bxe5 Qxg5 24. Bf6+ Qxf6 25. d6+ Kd7 26. Qxf6 b5 27. Qxf7+ Kc6 28. Qc7# 1-0


[Site "https://www.chess.com"]

[Event "Titled Tuesday Blitz May 4 2021"]
[White "Girish, A. Koushik"]
[Black "Kaufman, Raymond"]
[WhiteFideId "5038448"]
[BlackFideId "2015056"]
[WhiteElo "2387"]
[BlackElo "2321"]
[Result "0-1"]
[Round "07"]
[TimeControl "180+1"]
[Date "2021.05.04"]
[WhiteClock "0:00:01"]
[BlackClock "0:00:58"]

1. d4 Nf6 2. Bg5 d5 3. e3 c5 4. Bxf6 gxf6 5. dxc5 e5 6. Nc3 Be6 7. b4 Nc6 8. a3 Rg8 9. Nf3 f5 10. g3 e4 11. Nd4 Nxd4 12. Qxd4 Bg7 13. Bb5+ Ke7 14. Qd2 d4 15. Ne2 dxe3 16. Qd6+ Qxd6 17. cxd6+ Kxd6 18. Rd1+ Kc7 19. fxe3 a6 20. Ba4 Rad8 21. Kf2 b5 22. Bb3 Bxb3 23. cxb3 Be5 24. Rc1+ Kb7 25. Rc5 f6 26. Rhc1 Rd2 27. R1c2 Rgd8 28. a4 Rxc2 29. Rxc2 Rd3 30. axb5 axb5 31. Rc5 Kb6 32. Nf4 Rxb3 33. Nd5+ Ka6 34. Rc6+ Ka7 35. Rc5 Rb2+ 0-1


[Site "https://www.chess.com"]

[Event "Titled Tuesday Blitz May 4 2021"]
[White "Golizadeh, Asghar"]
[Black "Moore, Nicholas"]
[WhiteFideId "12505269"]
[BlackFideId "4303709"]
[WhiteElo "2403"]
[BlackElo "2370"]
[Result "1/2-1/2"]
[Round "07"]
[TimeControl "180+1"]
[Date "2021.05.04"]
[WhiteClock "0:00:04"]
[BlackClock "0:00:08"]

1. e4 c5 2. Nf3 e6 3. d3 Nc6 4. g3 Nf6 5. Bg2 d5 6. Qe2 dxe4 7. dxe4 Be7 8. c3 O-O 9. O-O b6 10. Na3 Bb7 11. Rd1 Qc7 12. Bf4 e5 13. Bg5 Ne8 14. Bxe7 Qxe7 15. Nh4 Nd6 16. Qg4 Bc8 17. Qe2 Be6 18. Rd2 Rad8 19. b3 Rd7 20. Rad1 Rfd8 21. Nc2 Ne8 22. Ne3 Rxd2 23. Rxd2 Rxd2 24. Qxd2 Qd6 25. Nd5 Bxd5 26. Nf5 Qd7 27. exd5 Ne7 28. Ne3 Nd6 29. h4 h6 30. Kh2 Qd8 31. Qd3 Ng6 32. c4 Qf6 33. Ng4 Qf5 34. Qxf5 Nxf5 35. Be4 Nge7 36. Nxe5 Nd6 37. Bd3 g6 38. Kg2 Kg7 39. f4 h5 40. Kf3 Kf6 41. a3 Nec8 42. Nc6 a5 43. b4 axb4 44. axb4 Ne7 45. bxc5 bxc5 46. Ne5 Nec8 47. Nd7+ Ke7 48. Nxc5 Nb6 49. Nb3 Nbxc4 50. Nd4 Kf6 51. Ne2 Nb6 52. Nc3 Ke7 53. Ke3 Ndc8 54. Kd4 Nd6 55. Bc2 Kf6 56. Bd3 Ke7 57. Kc5 Nd7+ 58. Kd4 Nf6 59. Ne4 Nfxe4 60. Bxe4 Kf6 61. Bd3 Ke7 62. Kc5 Kd7 63. Bc2 Kc7 64. Ba4 Nf5 65. Bc2 Nxg3 66. d6+ Kd8 67. Bb3 Ne2 68. Bxf7 Nxf4 69. Kc6 Ng2 70. Bxg6 Nxh4 71. Bxh5 Nf5 72. Bg4 Ne3 73. Be6 Ng2 74. Bf5 Nf4 75. Be4 Nh5 76. Bf5 Nf6 77. Bd3 Ne8 78. Bf5 Nxd6 1/2-1/2


[Site "https://www.chess.com"]

[Event "Titled Tuesday Blitz May 4 2021"]
[White "Golsta, Madara"]
[Black "Serikbay, Assel"]
[WhiteFideId "11607386"]
[BlackFideId "13706799"]
[WhiteElo "1880"]
[BlackElo "2044"]
[Result "0-1"]
[Round "07"]
[TimeControl "180+1"]
[Date "2021.05.04"]
[WhiteClock "0:00:08"]
[BlackClock "0:00:18"]

1. e4 e6 2. d4 d5 3. Nc3 dxe4 4. Nxe4 Nf6 5. Bg5 Be7 6. Bxf6 Bxf6 7. Nf3 Nd7 8. Qd2 Be7 9. O-O-O c6 10. Kb1 Qc7 11. h4 b6 12. h5 Bb7 13. h6 g6 14. Bd3 O-O-O 15. Nfg5 Rdf8 16. f4 Kb8 17. Rhf1 Nf6 18. Nxf6 Bxf6 19. c3 Rd8 20. Ne4 Be7 21. g4 c5 22. Qe3 c4 23. Bc2 f5 24. Ng5 Bxg5 25. fxg5 Rhe8 26. Rde1 Bc6 27. Qe2 b5 28. a4 a6 29. axb5 axb5 30. Qe5 Qxe5 31. Rxe5 fxg4 32. Rg1 Bf3 33. Rxb5+ Kc7 34. Bd1 Rf8 35. Re5 Kd6 36. Bxf3 gxf3 37. Rge1 Rde8 38. Rf1 Rf4 39. Kc2 Ref8 40. Rf2 Rg4 41. Re3 Rg2 42. Rxf3 Rxf2+ 0-1


[Site "https://www.chess.com"]

[Event "Titled Tuesday Blitz May 4 2021"]
[White "Golubev, Mikhail"]
[Black "Begunov, Konstantin"]
[WhiteFideId "14100983"]
[BlackFideId "4118510"]
[WhiteElo "2374"]
[BlackElo "2262"]
[Result "0-1"]
[Round "07"]
[TimeControl "180+1"]
[Date "2021.05.04"]
[WhiteClock "0:01:25"]
[BlackClock "0:01:04"]

1. e4 c5 2. Nf3 d6 3. d4 cxd4 4. Nxd4 Nf6 5. Nc3 a6 6. Bc4 e6 7. O-O Be7 8. Bb3 O-O 9. f4 Nc6 10. Be3 Qc7 11. Qf3 Nxd4 12. Bxd4 e5 13. fxe5 dxe5 14. Qg3 Bc5 15. Bxc5 Qxc5+ 16. Kh1 Kh8 17. Nd5 Nxe4 18. Qh4 f5 19. Qxe4 fxe4 20. Rf6 gxf6 0-1


[Site "https://www.chess.com"]

[Event "Titled Tuesday Blitz May 4 2021"]
[White "Gombocz, Ferenc Jr."]
[Black "Ismayil, Malak"]
[WhiteFideId "775029"]
[BlackFideId "13412604"]
[WhiteElo "1913"]
[BlackElo "1879"]
[Result "1-0"]
[Round "07"]
[TimeControl "180+1"]
[Date "2021.05.04"]
[WhiteClock "0:00:03"]
[BlackClock "0:00:02"]

1. c4 e5 2. g3 Nf6 3. Bg2 d5 4. cxd5 Nxd5 5. Nc3 Nxc3 6. bxc3 Nc6 7. Bxc6+ bxc6 8. Nf3 Bd6 9. d4 e4 10. Ng5 Qe7 11. d5 c5 12. Qa4+ Bd7 13. Qxe4 Qxe4 14. Nxe4 f5 15. Nd2 Be5 16. Bb2 Rb8 17. O-O-O Bb5 18. Rhe1 Kf7 19. Nb3 Bd6 20. e4 fxe4 21. Rxe4 Rhe8 22. Rde1 Rxe4 23. Rxe4 Bd3 24. Re3 Bc4 25. Ba3 Bxb3 26. axb3 Rxb3 27. Bb2 a5 28. Kc2 Rb8 29. Re4 Re8 30. Rxe8 Kxe8 31. Kb3 Kf7 32. c4 g5 33. h3 Kg6 34. g4 Bf4 35. Ka4 Bd2 36. Ba3 Bb4 37. Bb2 h5 38. f3 hxg4 39. hxg4 Kf7 40. Be5 Ke7 41. Bxc7 Kd7 42. Be5 Bd2 43. Bf6 Kd6 44. Bd8 Ke5 45. Bxa5 Be3 46. Kb5 Kf4 47. Bb6 Kxf3 48. Bxc5 Bf4 49. Be7 Kxg4 50. c5 Kh3 51. Bxg5 Bxg5 52. d6 Kg4 53. c6 Kf5 54. c7 Ke6 55. c8=Q+ Kxd6 56. Qc6+ Ke5 57. Qg6 Kf4 58. Kc4 Bh4 59. Kd3 1-0


[Site "https://www.chess.com"]

[Event "Titled Tuesday Blitz May 4 2021"]
[White "Gretarsson, Helgi Ass"]
[Black "Nastore, Pavel-Alexandru"]
[WhiteFideId "2300699"]
[BlackFideId "1255002"]
[WhiteElo "2519"]
[BlackElo "1809"]
[Result "1-0"]
[Round "07"]
[TimeControl "180+1"]
[Date "2021.05.04"]
[WhiteClock "0:00:09"]
[BlackClock "0:00:06"]

1. g3 Nf6 2. Bg2 a6 3. c4 e6 4. Nc3 d5 5. d4 dxc4 6. Qa4+ c6 7. Qxc4 b5 8. Qd3 Bb7 9. a4 b4 10. Nd1 a5 11. Ne3 Nbd7 12. Nc4 Be7 13. Bf4 O-O 14. Nd6 Bxd6 15. Bxd6 Re8 16. Nf3 Rc8 17. Rc1 Qb6 18. Nd2 c5 19. Nc4 Qa7 20. Bxb7 Qxb7 21. O-O Qa7 22. dxc5 Nxc5 23. Qd4 Nfd7 24. Rfd1 Qa6 25. Bxc5 Nxc5 26. Nd6 Nb3 27. Rxc8 Rxc8 28. Qf4 Rf8 29. Nxf7 Qxe2 30. Rd7 Nc5 31. Ra7 Nd3 32. Qd4 Nxf2 33. Nh6+ 1-0


[Site "https://www.chess.com"]

[Event "Titled Tuesday Blitz May 4 2021"]
[White "Grineva, Marianna"]
[Black "Mayeregger, Arnold"]
[WhiteFideId "14102013"]
[BlackFideId "3705226"]
[WhiteElo "1925"]
[BlackElo "1567"]
[Result "1-0"]
[Round "07"]
[TimeControl "180+1"]
[Date "2021.05.04"]
[WhiteClock "0:00:09"]
[BlackClock "0:00:02"]

1. e4 c5 2. Nf3 e6 3. Nc3 a6 4. d4 cxd4 5. Nxd4 Qc7 6. Bd3 Nf6 7. f4 d6 8. Qf3 Be7 9. O-O O-O 10. Kh1 Nbd7 11. Bd2 Rb8 12. Rae1 b5 13. e5 dxe5 14. fxe5 Nxe5 15. Rxe5 Qxe5 16. Nc6 Qc7 17. Nxb8 Qxb8 18. Ne4 Bb7 19. Nxf6+ Bxf6 20. Qh3 h5 21. Qxh5 g6 22. Qh3 Bg7 23. Bh6 Qe5 24. b3 Rd8 25. Bf4 Qd5 26. Qg3 b4 27. h3 a5 28. Bg5 Rc8 29. Bf6 Bxf6 30. Rxf6 Qd4 31. Rf4 Qg7 32. Qf2 Rd8 33. Kh2 Bd5 34. Qe3 Rc8 35. Rd4 Rd8 36. Rg4 Rc8 37. Qb6 Ra8 38. Qc7 Qf6 39. Rg3 Qg7 40. Qd6 Qf6 41. a3 bxa3 42. Qxa3 Qe5 43. Qe7 a4 44. bxa4 Rxa4 45. Qe8+ Kg7 46. Qxa4 f5 47. Qh4 f4 48. Qe7+ Kh6 49. Qh4+ Kg7 50. Rg5 Qd6 51. Rxg6+ Kf8 52. Qh8+ Ke7 53. Rg7+ Kf6 54. Qh6+ Ke5 55. Rg5+ Kd4 56. Rg4 Ke3 57. h4 1-0


[Site "https://www.chess.com"]

[Event "Titled Tuesday Blitz May 4 2021"]
[White "Gritsenko, Nikolai"]
[Black "Crevatin, Leo"]
[WhiteFideId "14112493"]
[BlackFideId "1726307"]
[WhiteElo "2389"]
[BlackElo "2081"]
[Result "1-0"]
[Round "07"]
[TimeControl "180+1"]
[Date "2021.05.04"]
[WhiteClock "0:00:06"]
[BlackClock "0:00:29"]

1. e4 c6 2. d4 d5 3. f3 Qb6 4. Nc3 e5 5. dxe5 Bc5 6. Na4 Bf2+ 7. Ke2 Qd4 8. Qxd4 Bxd4 9. exd5 cxd5 10. f4 Bd7 11. Nf3 Bxe5 12. Nxe5 Bxa4 13. Be3 Bb5+ 14. Kf3 Bxf1 15. Rhxf1 f6 16. Nd3 Kd7 17. Rad1 Ne7 18. Nb4 Nbc6 19. Nxd5 Nxd5 20. Rxd5+ Ke6 21. c4 Rad8 22. Rfd1 b6 23. f5+ Ke7 24. Rxd8 Rxd8 25. Rxd8 Kxd8 26. Ke4 Kd7 27. Bf4 g5 28. fxg6 hxg6 29. g4 Ke6 30. h4 Na5 31. b3 Nc6 32. h5 gxh5 33. gxh5 Ne7 34. h6 f5+ 35. Ke3 Ng6 36. b4 a5 37. c5 bxc5 38. bxa5 Kd7 39. a6 Kc6 40. a7 Kb7 41. Bb8 f4+ 42. Bxf4 Kxa7 43. Ke4 c4 44. Kf5 Nh8 45. Kf6 c3 46. Kg7 Kb6 47. Kxh8 Kb5 48. Kg7 c2 49. Bc1 Kc4 50. h7 Kd3 51. h8=Q Ke2 52. Qh6 Kd1 53. a4 Ke2 54. Qd2+ 1-0


[Site "https://www.chess.com"]

[Event "Titled Tuesday Blitz May 4 2021"]
[White "Grunberg, Mihai-Lucian"]
[Black "Mirzoev, Azer"]
[WhiteFideId "1204149"]
[BlackFideId "13400304"]
[WhiteElo "2364"]
[BlackElo "2525"]
[Result "0-1"]
[Round "07"]
[TimeControl "180+1"]
[Date "2021.05.04"]
[WhiteClock "0:00:30"]
[BlackClock "0:00:38"]

1. Nf3 d5 2. c4 d4 3. e3 Nc6 4. d3 e5 5. a3 Nf6 6. b4 dxe3 7. Bxe3 e4 8. dxe4 Qxd1+ 9. Kxd1 Nxe4 10. Bd3 Bf5 11. Ke2 O-O-O 12. Rd1 Be7 13. Ra2 Bf6 14. Rc2 Bg6 15. h4 h5 16. Ng5 Bxg5 17. hxg5 Rhe8 18. Bxe4 Bxe4 19. Rcd2 Bxg2 20. Rxd8+ Rxd8 21. Rxd8+ Nxd8 22. f3 Bh3 23. Nc3 a6 24. Nd5 Be6 25. Bd4 g6 26. Ke3 Bxd5 27. cxd5 c6 28. Ke4 cxd5+ 29. Kxd5 Kd7 0-1


[Site "https://www.chess.com"]

[Event "Titled Tuesday Blitz May 4 2021"]
[White "Gusarov, Grigory"]
[Black "Jobava, Baadur"]
[WhiteFideId "24102172"]
[BlackFideId "13601520"]
[WhiteElo "2285"]
[BlackElo "2748"]
[Result "0-1"]
[Round "07"]
[TimeControl "180+1"]
[Date "2021.05.04"]
[WhiteClock "0:00:13"]
[BlackClock "0:00:34"]

1. d4 d5 2. Nf3 c6 3. c4 Nf6 4. Nc3 dxc4 5. a4 a5 6. e3 Bg4 7. Bxc4 e6 8. h3 Bh5 9. O-O Nbd7 10. Qe2 Bb4 11. Rd1 O-O 12. Bd2 Re8 13. Be1 h6 14. Rac1 Qe7 15. Bd3 e5 16. g4 Nxg4 17. Nxe5 Ngf6 18. Ng4 Qe6 19. Bc4 Nd5 20. e4 Bxc3 21. exd5 Qxe2 22. Bxe2 Rxe2 23. Rxc3 Rae8 24. Kf1 cxd5 25. Rb1 f5 26. Ne3 Nf6 27. Nxf5 Ne4 28. Re3 Rc2 29. Ng3 Bg6 30. Nxe4 Bxe4 31. f3 Rf8 32. Rc3 Rxc3 33. bxc3 Bxb1 0-1


[Site "https://www.chess.com"]

[Event "Titled Tuesday Blitz May 4 2021"]
[White "Guzman Moneo, Alberto"]
[Black "Kabanov, Nikolai"]
[WhiteFideId "2209616"]
[BlackFideId "4127820"]
[WhiteElo "2157"]
[BlackElo "2376"]
[Result "0-1"]
[Round "07"]
[TimeControl "180+1"]
[Date "2021.05.04"]
[WhiteClock "0:00:01"]
[BlackClock "0:00:03"]

1. e4 c5 2. Nc3 g6 3. f4 Bg7 4. Nf3 Nc6 5. Bb5 d6 6. Bxc6+ bxc6 7. d3 Rb8 8. O-O Nf6 9. e5 Nd5 10. Nxd5 cxd5 11. d4 cxd4 12. Qxd4 dxe5 13. fxe5 Qb6 14. Be3 Qxd4 15. Bxd4 O-O 16. b3 a6 17. Bc5 Re8 18. Rad1 e6 19. Bd6 Rb7 20. Rd4 Bd7 21. Rf4 Bb5 22. c4 dxc4 23. bxc4 Bc6 24. Ng5 Bh6 25. h4 Bxg5 26. hxg5 Rc8 27. R1f2 Ba4 28. Kh2 Rc6 29. c5 Bb5 30. Kg3 Bd3 31. Rf6 Kg7 32. R2f4 Bf5 33. Kh4 h5 34. gxh6+ Kxh6 35. g4 Bd3 36. g5+ Kg7 37. Kg3 Bf5 38. Rh4 Rb2 39. Ra4 Rc2 40. a3 Rc3+ 41. Kf4 Rb3 42. Rb4 Rxa3 0-1


[Site "https://www.chess.com"]

[Event "Titled Tuesday Blitz May 4 2021"]
[White "Hansen, Soren Bech"]
[Black "Fanha, Paulo"]
[WhiteFideId "1400681"]
[BlackFideId "1902148"]
[WhiteElo "2234"]
[BlackElo "1851"]
[Result "1-0"]
[Round "07"]
[TimeControl "180+1"]
[Date "2021.05.04"]
[WhiteClock "0:00:16"]
[BlackClock "0:00:03"]

1. e4 d5 2. exd5 Qxd5 3. Nc3 Qd6 4. d4 c6 5. Nf3 Nf6 6. g3 Bg4 7. Bg2 e6 8. Bf4 Qd8 9. h3 Bxf3 10. Qxf3 Bd6 11. O-O-O Bxf4+ 12. Qxf4 O-O 13. Ne4 Nxe4 14. Bxe4 Nd7 15. g4 Nf6 16. Bd3 Qa5 17. Kb1 Nd5 18. Qg3 Qb4 19. Be4 a5 20. Bxd5 cxd5 21. f4 a4 22. a3 Qd6 23. Qf3 b5 24. c3 Rac8 25. f5 exf5 26. gxf5 Qf6 27. Qxd5 Rfe8 28. Rhe1 Rxe1 29. Rxe1 Qh4 30. Qe4 Qd8 31. f6 gxf6 32. Rg1+ Kh8 33. Qf5 Rc6 34. Rg4 Re6 35. Qxb5 Re1+ 36. Ka2 Qe7 37. Qb8+ Qe8 38. Qxe8+ Rxe8 39. d5 Rd8 40. Rxa4 Rxd5 41. Rd4 Rc5 42. Kb3 Kg7 43. a4 1-0


[Site "https://www.chess.com"]

[Event "Titled Tuesday Blitz May 4 2021"]
[White "Hasangatin, Ramil"]
[Black "Porter, Ryan W"]
[WhiteFideId "4122160"]
[BlackFideId "2011239"]
[WhiteElo "2430"]
[BlackElo "2409"]
[Result "0-1"]
[Round "07"]
[TimeControl "180+1"]
[Date "2021.05.04"]
[WhiteClock "0:02:38"]
[BlackClock "0:01:10"]

1. e4 d6 2. d4 Nf6 3. Nc3 g6 4. h3 Bg7 5. Be3 O-O 6. Nf3 a6 7. a4 Nc6 8. d5 Nb4 9. a5 e6 10. Ra4 c5 11. dxe6 Bxe6 12. Ng5 Bd7 13. e5 Bxa4 14. Nxa4 dxe5 15. Bxc5 Qxa5 16. Bxf8 Nxc2+ 17. Ke2 Nd4+ 18. Ke3 Rxf8 19. Bc4 Bh6 20. h4 b5 0-1


[Site "https://www.chess.com"]

[Event "Titled Tuesday Blitz May 4 2021"]
[White "Havanecz, Bianka"]
[Black "Belanoff, Ted"]
[WhiteFideId "704814"]
[BlackFideId "2070588"]
[WhiteElo "2328"]
[BlackElo "2173"]
[Result "1-0"]
[Round "07"]
[TimeControl "180+1"]
[Date "2021.05.04"]
[WhiteClock "0:00:21"]
[BlackClock "0:01:48"]

1. d4 Nf6 2. c4 g6 3. Nc3 d5 4. Bf4 c6 5. Nf3 Bg7 6. e3 Nbd7 7. cxd5 Nxd5 8. Nxd5 cxd5 9. Bd3 Qb6 10. Qd2 O-O 11. O-O f6 12. Bg3 e5 13. dxe5 fxe5 14. e4 d4 15. Bc4+ Kh8 16. Ng5 Qf6 17. Bh4 Qf4 18. Qxf4 exf4 19. Nf7+ Kg8 20. Nd6+ Kh8 21. Be7 Ne5 22. Bxf8 Bxf8 23. Nf7+ Nxf7 24. Bxf7 Kg7 25. Bd5 Rb8 26. Rac1 Bd6 27. Rc4 Be5 28. Rfc1 d3 29. Rxc8 d2 30. R1c7+ Bxc7 31. Rxc7+ Kf6 32. Bb3 Rd8 33. Bd1 Ke5 34. Kf1 g5 35. f3 h5 36. Rxb7 g4 37. Rxa7 gxf3 38. gxf3 Kd4 39. Ke2 Rg8 40. Rd7+ Kc4 41. Bb3+ 1-0


[Site "https://www.chess.com"]

[Event "Titled Tuesday Blitz May 4 2021"]
[White "Hernandez Jimenez, Alexander Andres"]
[Black "Samarth, J Rao"]
[WhiteFideId "3900452"]
[BlackFideId "46652370"]
[WhiteElo "2151"]
[BlackElo "1514"]
[Result "1/2-1/2"]
[Round "07"]
[TimeControl "180+1"]
[Date "2021.05.04"]
[WhiteClock "0:00:12"]
[BlackClock "0:00:02"]

1. e4 c5 2. Nf3 d6 3. d4 cxd4 4. Nxd4 Nf6 5. Nc3 g6 6. Be2 Bg7 7. O-O O-O 8. Re1 Nc6 9. Nb3 Be6 10. Bf1 a6 11. Nd5 Bxd5 12. exd5 Ne5 13. c3 Rc8 14. Bg5 Qc7 15. h3 Rfe8 16. a4 Nc4 17. Bxc4 Qxc4 18. Bxf6 Bxf6 19. a5 Qb5 20. Re2 Rc4 21. Nd2 Rc5 22. Ne4 Be5 23. Nxc5 Qxc5 24. Qb3 Qc7 25. Qb6 Qxb6 26. axb6 Rc8 27. Ra5 Kf8 28. g3 Ke8 29. f4 Bf6 30. Kf2 Kd7 31. Ke3 g5 32. fxg5 Bxg5+ 33. Kd3 Bf6 34. g4 Be5 35. c4 h5 36. gxh5 Rh8 37. c5 Rxh5 38. c6+ bxc6 39. Rxa6 Rxh3+ 40. Re3 Rxe3+ 41. Kxe3 cxd5 42. b7 Kc7 43. Rb6 Kb8 44. Rb5 e6 45. Rb3 f5 46. Kf3 Bh2 47. Re3 Be5 48. Rb3 Bh2 49. Kg2 Be5 50. Kf3 1/2-1/2


[Site "https://www.chess.com"]

[Event "Titled Tuesday Blitz May 4 2021"]
[White "Howell, David W L"]
[Black "Timmermans, Mark"]
[WhiteFideId "410608"]
[BlackFideId "1026399"]
[WhiteElo "2643"]
[BlackElo "2460"]
[Result "1-0"]
[Round "07"]
[TimeControl "180+1"]
[Date "2021.05.04"]
[WhiteClock "0:00:32"]
[BlackClock "0:00:04"]

1. d4 Nf6 2. Bf4 e6 3. e3 d5 4. Nd2 Bd6 5. c3 O-O 6. Ngf3 b6 7. Ne5 Bb7 8. Bd3 Ne4 9. Nxe4 dxe4 10. Bc2 f6 11. Nc4 Bxf4 12. exf4 Nd7 13. Qe2 f5 14. Ne3 a5 15. Bb3 Qf6 16. Qc4 Qd8 17. Qxe6+ Kh8 18. Ba4 Nb8 19. O-O c6 20. Bd1 Bc8 21. Qb3 a4 22. Qc2 Be6 23. f3 exf3 24. Bxf3 Qd6 25. g3 Nd7 26. Rfe1 b5 27. a3 Rae8 28. Re2 g6 29. Rae1 Bb3 30. Qd2 Qf6 31. Nf1 Rxe2 32. Rxe2 Nb6 33. Qe1 Bc4 34. Re5 Bxf1 35. Kxf1 Nc4 36. Re2 Qd6 37. Kg2 c5 38. Re6 Qc7 39. d5 Rd8 40. Qe2 Kg8 41. h4 Kf8 42. h5 Qd7 43. hxg6 hxg6 44. Rxg6 Re8 45. Rf6+ Kg7 46. Re6 Rxe6 47. dxe6 Qe7 48. Bd5 Nd6 49. Qe5+ Kg6 50. Qh8 Ne4 51. Bxe4 fxe4 52. Qe5 e3 53. Qg5+ 1-0


[Site "https://www.chess.com"]

[Event "Titled Tuesday Blitz May 4 2021"]
[White "Iljushina, Olga"]
[Black "Shuvalov, Evgenij"]
[WhiteFideId "4152280"]
[BlackFideId "4187237"]
[WhiteElo "1967"]
[BlackElo "2163"]
[Result "0-1"]
[Round "07"]
[TimeControl "180+1"]
[Date "2021.05.04"]
[WhiteClock "0:00:01"]
[BlackClock "0:00:07"]

1. d4 Nf6 2. c4 g6 3. Nc3 d5 4. Bg5 Bg7 5. Bxf6 Bxf6 6. cxd5 c6 7. e4 O-O 8. Be2 Qb6 9. Nf3 Qxb2 10. Rc1 Bg4 11. O-O Rd8 12. h3 Bxf3 13. Bxf3 cxd5 14. e5 Bg5 15. Rc2 Qa3 16. Nb5 Qa5 17. Nc7 Nc6 18. Nxa8 Rxa8 19. Rc5 Qb4 20. Bxd5 Rd8 21. Qb3 Qxd4 22. Bxf7+ Kf8 23. Rc2 Nxe5 24. Be6 Rd6 25. Bg8 Kg7 26. Re1 Rb6 27. Qd5 Qxd5 28. Bxd5 Bf6 29. f4 Nd7 30. Rc7 Rd6 31. Bxb7 Nb6 32. Ba6 Nd5 33. Rxa7 Bd4+ 34. Kh2 Bxa7 35. Bc4 Bc5 36. Bxd5 Rxd5 37. Rc1 Bd6 38. Rc4 g5 39. g3 Rd2+ 40. Kg1 Rxa2 41. fxg5 Bxg3 42. Rg4 Bd6 43. h4 Kg6 44. Re4 Ra1+ 45. Kg2 Ra2+ 46. Kf3 Ra3+ 47. Kg2 Rb3 0-1


[Site "https://www.chess.com"]

[Event "Titled Tuesday Blitz May 4 2021"]
[White "Injac, Teodora"]
[Black "Shipov, Sergei"]
[WhiteFideId "932400"]
[BlackFideId "4113624"]
[WhiteElo "2308"]
[BlackElo "2738"]
[Result "0-1"]
[Round "07"]
[TimeControl "180+1"]
[Date "2021.05.04"]
[WhiteClock "0:00:04"]
[BlackClock "0:00:07"]

1. d4 Nf6 2. Nf3 g6 3. Nbd2 d5 4. e3 Bg7 5. b4 a5 6. b5 a4 7. Ba3 O-O 8. c4 c6 9. Be2 Bf5 10. O-O Nbd7 11. bxc6 bxc6 12. Rc1 Re8 13. Nb1 Ne4 14. Bd3 Qa5 15. Qc2 Nb6 16. Nbd2 Nxd2 17. Nxd2 Bxd3 18. Qxd3 Qa6 19. Qc2 Rac8 20. Rb1 e5 21. dxe5 Bxe5 22. Bc5 Nxc4 23. Nxc4 dxc4 24. Rfc1 c3 25. g3 Red8 26. Rd1 Qc4 27. Be7 Rxd1+ 28. Rxd1 Rb8 29. Bg5 Rb2 30. Bh6 Rb8 31. Rd7 a3 32. Kg2 Bf6 33. Rd3 Qc5 34. h4 Qf5 35. Bf4 Re8 36. f3 Qc5 37. Qd1 h5 38. Qc1 Qc4 39. Qc2 Rb8 40. Rd7 Rb2 41. Kh3 Rxc2 42. Bd6 Qe6+ 0-1


[Site "https://www.chess.com"]

[Event "Titled Tuesday Blitz May 4 2021"]
[White "Ivanov, Mike"]
[Black "Mickiewicz, Piotr"]
[WhiteFideId "2613158"]
[BlackFideId "1114891"]
[WhiteElo "2197"]
[BlackElo "2263"]
[Result "0-1"]
[Round "07"]
[TimeControl "180+1"]
[Date "2021.05.04"]
[WhiteClock "0:00:01"]
[BlackClock "0:00:20"]

1. e4 c5 2. Nf3 d6 3. d4 cxd4 4. Qxd4 Nc6 5. Qe3 g6 6. Be2 Bg7 7. O-O Nf6 8. h3 O-O 9. Rd1 Nd7 10. Nc3 a6 11. Nd5 e6 12. Nc3 Qc7 13. Qd2 Nc5 14. Qf4 b5 15. Bf1 b4 16. Ne2 Rd8 17. Qh4 f6 18. Ng3 Bb7 19. Be3 Ne5 20. Nxe5 dxe5 21. Bc4 Kf7 22. b3 Qc6 23. Qg4 h5 24. Nxh5 gxh5 25. Qxh5+ Kg8 26. Qg6 Qxe4 27. Qxe4 Nxe4 0-1


[Site "https://www.chess.com"]

[Event "Titled Tuesday Blitz May 4 2021"]
[White "Jakubowska, Anna"]
[Black "Mohandesi, Shahin"]
[WhiteFideId "1121952"]
[BlackFideId "12501247"]
[WhiteElo "2006"]
[BlackElo "1993"]
[Result "1-0"]
[Round "07"]
[TimeControl "180+1"]
[Date "2021.05.04"]
[WhiteClock "0:00:57"]
[BlackClock "0:01:12"]

1. e4 c6 2. d4 d5 3. e5 c5 4. dxc5 e6 5. a3 Bxc5 6. b4 Bb6 7. Nf3 Ne7 8. Bd3 Nbc6 9. O-O Qc7 10. Bb2 Ng6 11. Re1 O-O 12. Nbd2 a5 13. b5 Nce7 14. c4 Nf4 15. Bf1 Rd8 16. Rc1 Qb8 17. c5 Bc7 18. b6 Nc6 19. bxc7 Qxc7 20. Nd4 Ne7 21. Nb5 Qc6 22. Nd6 Nfg6 23. Nf3 b6 24. Bb5 Qc7 25. cxb6 Qxb6 26. a4 Ba6 27. Bd4 Qb8 28. Rb1 Bxb5 29. Rxb5 Qc7 30. Bb6 Qc3 31. Bxd8 Rxd8 32. Qd2 Qa3 33. Qxa5 Rf8 34. Qb4 Qa2 35. Qb3 Qd2 36. Nxd2 1-0


[Site "https://www.chess.com"]